 Dungeon Crawl Stone Soup version 0.27.1-33-g824d729ab1 (webtiles) character file.

Game seed: 18072390646045709299

1310 itsemess the Cleaver (level 8, 0/70 HPs)
             Began as a Minotaur Berserker on Nov 24, 2021.
             Was a Priest of Trog.
             Slain by an ogre (22 damage)
             ... on level 5 of the Dungeon on Dec 8, 2021.
             The game lasted 00:17:26 (4444 turns).

itsemess the Cleaver (Minotaur Berserker)           Turns: 4444, Time: 00:17:26

Health: 0/70       AC: 11    Str: 23    XL:     8   Next: 32%
Magic:  7/7        EV:  9    Int:  5    God:    Trog [***...]
Gold:   127        SH:  0    Dex: 10    Spells: 7/7 levels left

rFire    . . .     SeeInvis .   t - +0 battleaxe
rCold    . . .     Faith    .   (shield currently unavailable)
rNeg     . . .     Spirit   .   h - +0 chain mail
rPois    +         Reflect  .   (helmet restricted)
rElec    .         Harm     .   (no cloak)
rCorr    .         Rampage  .   (no gloves)
Will     .....                  j - +0 pair of boots
Stlth    ..........             (no amulet)
HPRegen  0.21/turn              d - ring of poison resistance
MPRegen  0.10/turn              (no ring)

@: on berserk cooldown
A: horns 2, retaliatory headbutt
a: Renounce Religion, Berserk, Trog's Hand


You were on level 5 of the Dungeon.
You worshipped Trog.
Trog was most pleased with you.
You visited 1 branch of the dungeon, and saw 5 of its levels.

You collected 127 gold pieces.

Inventory:

Hand Weapons
 t - a +0 battleaxe (weapon)
Missiles
 q - a javelin (quivered)
 r - a throwing net
Armour
 h - a +0 chain mail (worn)
 j - a +0 pair of boots (worn)
Jewellery
 d - a ring of poison resistance (left hand)
Wands
 l - a wand of flame (19)
Scrolls
 b - a scroll of magic mapping {unknown}
 c - a scroll of teleportation
 i - 3 scrolls of identify {unknown}
 o - a scroll of enchant armour {unknown}
Potions
 a - a potion of might {unknown}
 e - a potion of haste {unknown}
 f - 2 potions of ambrosia {unknown}
 g - a potion of curing {unknown}
 k - a potion of magic {unknown}
 m - a potion of lignification {unknown}
 n - a potion of degeneration {unknown}
 s - a potion of heal wounds {unknown}


   Skills:
 + Level 6.1 Fighting
 + Level 8.5 Axes
 * Level 7.2 Armour
 - Level 2.1 Dodging
 - Level 1.3 Stealth
 * Level 2.5 Evocations


You had 7 spell levels left.
You didn't know any spells.
Your spell library contained the following spells:

 Spells                   Type           Power      Damage    Failure   Level
 Ensorcelled Hibernation  Hex/Ice        0%         N/A       99%         2
 Spider Form              Tmut/Pois      0%         N/A       100%        3
 Shadow Creatures         Summ           N/A        N/A       100%        6


Dungeon Overview and Level Annotations

Branches:
Dungeon (5/15)
 Temple: D:4-7

Altars:
Gozag
Sif Muna
Vehumet
Yredelemnul

Shops:
D:4 (   D:5 *

Annotations:
D:5 1 runed translucent door, klutch's ghost, novice DsBe


Innate Abilities, Weirdness & Mutations

You have a pair of horns on your head.
You reflexively headbutt those who attack you in melee.


Message History

The black bear barely misses you. The black bear claws you.
* * * LOW HITPOINT WARNING * * *
You recover from your berserk rage.
You feel the effects of Trog's Hand fading.
A red film seems to cover your vision as you go berserk!
You feel yourself moving faster!
You feel mighty! The black bear bites you. The black bear claws you.
The black bear claws you but does no damage.
You slice the black bear!!
You kill the black bear!
Trog accepts your kill.
Your skin stops crawling.
You feel less strong-willed.
Your Armour skill increases to level 7!
You feel a strong urge to attack something.
You feel your anger nearly subside.
You are no longer berserk.
You are exhausted.
You feel yourself slow down.
There is a stone staircase leading down, spattered with blood here.
You climb downwards.
Level annotation: 1 runed translucent door, klutch's ghost, novice DsBe The ufetubus shouts!
The orc throws a stone.
The stone barely misses you.
There is a stone staircase leading up here.
The ufetubus completely misses you. You furiously retaliate!
You headbutt the ufetubus!
You kill the ufetubus!
Trog accepts your kill. The orc hits you but does no damage. x2
You slice the orc!!
You kill the orc!
Trog accepts your kill.
Things that are here:
a +0 short sword; 14 stones; a +0 leather armour An ogre comes into view.
It is wielding a +0 giant spiked club.
The ogre shouts!
You feel yourself speed up. The ogre hits you but does no damage.
The ogre hits you with a +0 giant spiked club!
The ogre hits you with a +0 giant spiked club!!
You die...

...####.##.##.#.##.###.
...####.##.............
......................#
........###...#.......#
.........##...#........
...##..................
## #..........†.....#.
#........O.........
#......<@.)...##### ..
#..................
....##.............#####
......###...#....#.#
..##..#....#....#..#
.....................
#..#................ #
##8............#....# #P
#..........###....#..


You could see an ogre.

Vanquished Creatures
  Grinder (D:3)
  Sigmund (D:3)
  An orc warrior (D:3)
  A black bear (D:4)
  2 centaurs (D:5)
  2 bullfrog zombies (D:5)
  2 hounds (D:4)
  An orc priest (D:3)
  Jessica (D:3)
  Ijyb (D:3)
  2 iguanas
  4 orc wizards (D:4)
  A hound skeleton (D:4)
  8 gnolls
  3 adders
  2 ufetubi
  An adder zombie (D:5)
  2 adder skeletons (D:4)
  2 worms
  3 dart slugs
  9 orcs
  13 ball pythons
  An endoplasm (D:2)
  5 giant cockroaches
  8 goblins
  6 hobgoblins
  11 jackals
  8 kobolds
  7 quokkas
  3 training dummies (D:4)
  8 bats
  6 frilled lizards
  9 rats
  A spectral orc (D:3)
136 creatures vanquished.

Vanquished Creatures (others)
  2 withered plants (D:5)
2 creatures vanquished.

Grand Total: 138 creatures vanquished

Notes
Turn   | Place    | Note
-------+----------+-------------------------------------------
     0 | D:1      | itsemess the Minotaur Berserker began the quest for the
                  | Orb.
     0 | D:1      | Reached XP level 1. HP: 19/19 MP: 0/0
     1 | D:1      | Noticed an electric eel
    81 | D:1      | Reached skill level 4 in Axes
   101 | D:1      | Reached XP level 2. HP: 13/27 MP: 1/1
   462 | D:1      | Reached ** piety under Trog
   694 | D:1      | Reached XP level 3. HP: 23/33 MP: 2/2
  1663 | D:2      | Reached skill level 5 in Axes
  1758 | D:2      | Reached XP level 4. HP: 40/40 MP: 3/3
  1867 | D:3      | Noticed Grinder
  1872 | D:3      | Paralysed by Grinder for 2 turns
  1881 | D:3      | Killed Grinder
  1882 | D:3      | Reached skill level 6 in Axes
  1882 | D:3      | Reached skill level 1 in Stealth
  1882 | D:3      | Reached XP level 5. HP: 18/47 MP: 4/4
  1882 | D:3      | Reached XP level 6. HP: 21/55 MP: 5/5
  2205 | D:3      | Reached *** piety under Trog
  2218 | D:3      | Reached skill level 5 in Fighting
  2277 | D:3      | Noticed Jessica
  2286 | D:3      | Killed Jessica
  2326 | D:3      | Noticed Sigmund
  2337 | D:3      | Killed Sigmund
  2338 | D:3      | Reached skill level 7 in Axes
  2581 | D:3      | Found a shimmering blue altar of Sif Muna.
  2592 | D:3      | Found a radiant altar of Vehumet.
  2730 | D:3      | Found a basalt altar of Yredelemnul.
  2769 | D:3      | Found an opulent altar of Gozag.
  2770 | D:3      | Noticed Ijyb
  2785 | D:3      | Killed Ijyb
  2786 | D:3      | Reached skill level 1 in Evocations
  3031 | D:4      | Reached XP level 7. HP: 61/61 MP: 6/6
  3193 | D:4      | Reached skill level 5 in Armour
  3583 | D:4      | Found Cac Onie's Firing Range.
  3718 | D:4      | HP: 2/61 [orc warrior (11)]
  4268 | D:5      | Entered Level 5 of the Dungeon
  4268 | D:5      | Noticed klutch's ghost (novice DsBe)
  4268 | D:5      | Found Koodd's General Store.
  4268 | D:5      | Found a runed translucent door.
  4277 | D:5      | Reached skill level 8 in Axes
  4310 | D:5      | Reached XP level 8. HP: 66/70 MP: 7/7
  4444 | D:5      | Slain by an ogre

Illustrated notes

Levels and vault maps discovered:
D:1:      arrival_aquarium_a, layout_basic, st_stairs_9
D:2:      layout_basic
D:3:      minmay_recursive_quarters, layout_loops_ring,
          yredelemnul_forgotten_temple_becter, amethyst_overflow_temple_binary,
          nicolae_gozag_cash_rules_everything_around_me,
          minmay_misc_feat_more_columns, st_stairs_9, uniq_ijyb, uniq_jessica,
          uniq_sigmund, uniq_grinder
D:4:      layout_rooms, nicolae_shop_firing_range
D:5:      layout_rooms, lemuel_coloured_pillars_altar, lemuel_temple_firewalk_b,
          gammafunk_ghost_grave, serial_shops, nicolae_stop_n_shop_2,
          minmay_diced_spiral

Skill      XL: |  1  2  3  4  5  6  7  8 |
---------------+-------------------------+-----
Axes           | 4 5 6 7 8 |  8.5
Fighting       | 4 5 6 |  6.1
Armour         | 3 4 6 7 |  7.2
Stealth        | 1 |  1.3
Evocations     | 1 2 |  2.5
Dodging        | |  2.1

Action                   |  1- 3 |  4- 6 |  7- 9 || total
-------------------------+-------+-------+-------++-------
Melee: Hand axe          |    96 |    85 |    92 ||   273
       Headbutt          |    17 |    13 |    21 ||    51
       Battleaxe         |       |       |    27 ||    27
Invok: Berserk           |     3 |     8 |     6 ||    17
       Trog's Hand       |       |     3 |     6 ||     9
Evoke: Wand              |       |       |     1 ||     1
  Use: Scroll            |       |     1 |       ||     1
Armor: Animal skin       |    14 |       |       ||    14
       Chain mail        |    20 |    46 |    73 ||   139
Dodge: Dodged            |    57 |    33 |    70 ||   160
